 Dungeon Crawl Stone Soup version 0.18.1-6-gd335043 (webtiles) character file.

162 Kiel97 the Conjurer (level 4, 0/33 HPs)
             Began as a Demigod Conjurer on May 16, 2016.
             Succumbed to Terence's poison
             ... on level 3 of the Dungeon.
             The game lasted 00:07:19 (2696 turns).

Kiel97 the Conjurer (Demigod Conjurer)              Turns: 2696, Time: 00:07:19

Health: 0/33       AC:  2    Str: 11    XL:     4   Next: 99%
Magic:  1/11       EV: 18    Int: 21    God:
Gold:   93         SH:  0    Dex: 21    Spells: 3 memorised, 2 levels left

rFire  . . .     SeeInvis .     q - +0 short sword (elec)
rCold  . . .     Gourm    .     a - +0 robe
rNeg   . . .     Faith    .     (no shield)
rPois  .         Spirit   .     (no helmet)
rElec  .         Dismiss  +     (no cloak)
rCorr  .         Reflect  .     (no gloves)
SustAt +         Harm     .     (no boots)
MR     .....                    j - amulet of dismissal
Stlth  +++.......               (no ring)
                                (no ring)

@: agile, lethally poisoned (0 -> -12), very slightly contaminated, invisible,
not resistant to hostile enchantments, fairly stealthy
A: high mp 1, sustain attributes
a: no special abilities


You were on level 3 of the Dungeon.
You were not hungry.

You visited 1 branch of the dungeon, and saw 3 of its levels.

You collected 93 gold pieces.

Inventory:

Hand Weapons
 q - a +0 short sword of electrocution (weapon)
Armour
 a - a +0 robe (worn)
Jewellery
 j - an amulet of dismissal (around neck)
Scrolls
 d - a scroll of blinking {unknown}
 e - a scroll of immolation {unknown}
 h - a scroll of remove curse {unknown}
 i - a scroll of teleportation {unknown}
 m - 2 scrolls of recharging {unknown}
 n - a scroll of identify {unknown}
 o - a scroll of fear {unknown}
Books
 b - a book of Conjurations

   Spells                             Type                      Level
   a - Magic Dart                     Conjuration                  1
   b - Searing Ray                    Conjuration                  2
   c - Dazzling Spray                 Conjuration/Hexes            3
   d - Fulminant Prism                Conjuration/Hexes            4
   e - Iskenderun's Mystic Blast      Conjuration                  4
   f - Iskenderun's Battlesphere      Conjuration/Charms           5
 s - a book of Power

   Spells                             Type                      Level
   a - Fulminant Prism                Conjuration/Hexes            4
   b - Iskenderun's Mystic Blast      Conjuration                  4
   c - Venom Bolt                     Conjuration/Poison           5
   d - Bolt of Magma                  Conjuration/Fire/Earth       5
   e - Iron Shot                      Conjuration/Earth            6
   f - Orb of Destruction             Conjuration                  7
   g - Spellforged Servitor           Conjuration/Summoning        7
Comestibles
 c - 2 bread rations
 f - a beef jerky
 g - 2 meat rations


   Skills:
 - Level 1.7 Dodging
 - Level 1.7 Stealth
 * Level 3.3 Spellcasting
 + Level 5.0 Conjurations


You had 2 spell levels left.
You knew the following spells:

 Your Spells              Type           Power        Failure   Level  Hunger
a - Magic Dart            Conj           ###.         1%          1    None
b - Searing Ray           Conj           ###...       2%          2    ##.....
c - Iskenderun's Mystic   Conj           ###.....     21%         4    ####...


Dungeon Overview and Level Annotations

Branches:
Dungeon (3/15)


Innate Abilities, Weirdness & Mutations

You have an increased reservoir of magic (+10% MP).
Your attributes are resistant to harm.


Message History

You feel sick. Terence completely misses you.
Drink which item? (? for menu, Esc to quit)
It was a potion of agility.
You feel agile all of a sudden.
* * * LOW HITPOINT WARNING * * *
You feel sick. Terence completely misses you.
Drink which item? (? for menu, Esc to quit)
You can't drink that!
Drink which item? (? for menu, Esc to quit)
It was a potion of invisibility.
You fade into invisibility!
* * * LOW HITPOINT WARNING * * *
You feel sick. Terence closely misses you.
You are very lightly contaminated with residual magic.
You hit Terence but do no damage.
There is a sudden explosion of sparks!
You kill Terence!
Your Conjurations skill increases to level 5!
* * * LOW HITPOINT WARNING * * *
You feel sick.
You die...

### #######.###
###.........#
..#.##....#.# #.#
#...#.#.# #.#
#.@.#.#.# #.#
#..<#.#.# # #.#
#####.#.# ...##+##.#
..#.#
.........#########.#
..........)........#
........############
........# .......o.


There were no monsters in sight!

Vanquished Creatures
  Terence (D:3)
  An orc wizard (D:3)
  A gnoll (D:1)
  4 adders (D:2)
  2 worms (D:2)
  2 giant geckos
  An orc (D:3)
  A ball python (D:1)
  A giant cockroach (D:2)
  5 goblins
  4 hobgoblins
  11 jackals
  7 bats
  3 giant newts
  7 kobolds
  5 rats
  A spectral orc (D:2)
57 creatures vanquished.

Notes
Turn   | Place    | Note
--------------------------------------------------------------
     0 | D:1      | Kiel97 the Demigod Conjurer began the quest for the Orb.
     0 | D:1      | Reached XP level 1. HP: 14/14 MP: 5/5
   350 | D:1      | Reached skill level 4 in Conjurations
   590 | D:1      | Reached XP level 2. HP: 13/20 MP: 0/7
   698 | D:1      | Learned a level 2 spell: Searing Ray
  1318 | D:2      | Reached XP level 3. HP: 26/26 MP: 5/8
  1697 | D:2      | Found a basalt altar of Yredelemnul.
  1830 | D:2      | Found a shattered altar of Ashenzari.
  1928 | D:2      | Reached XP level 4. HP: 33/33 MP: 6/10
  1967 | D:2      | Learned a level 4 spell: Iskenderun's Mystic Blast
  2630 | D:3      | Noticed Terence
  2695 | D:3      | Killed Terence
  2695 | D:3      | Reached skill level 5 in Conjurations
  2696 | D:3      | Succumbed to Terence's poison

Skill      XL: |  1  2  3  4 |
---------------+-------------+-----
Conjurations   | 4 5 |  5.0
Spellcasting   | 2 3 |  3.3
Dodging        | |  1.7
Stealth        | |  1.7

Action                   |  1- 3 |  4- 6 || total
-------------------------+-------+-------++-------
Melee: Dagger            |     6 |       ||     6
       Short sword       |       |     1 ||     1
 Cast: Magic Dart        |    71 |    30 ||   101
       Searing Ray       |     4 |     5 ||     9
  Use: Potion            |       |     3 ||     3
  Eat: Chunk             |     4 |     2 ||     6
Armor: Robe              |    11 |     4 ||    15
Dodge: Dodged            |    19 |    13 ||    32
